 Dungeon Crawl Stone Soup version 0.24.0-123-gd5b16e6ec5 (webtiles) character file.

Game seed: 7117313585842976413, levelgen mode: deterministic

221 Elellon the Chopper (level 5, -4/46 HPs)
             Began as a Hill Orc Fighter on Jan 20, 2020.
             Slain by a gnoll
             ... wielding a +1 spear of freezing
              (7 damage)
             ... on level 4 of the Dungeon.
             The game lasted 00:05:02 (3320 turns).

Elellon the Chopper (Hill Orc Fighter)              Turns: 3320, Time: 00:05:03

Health: -4/46      AC:  9    Str: 20    XL:     5   Next: 98%
Magic:  5/5        EV:  5    Int:  8    God:
Gold:   281        SH:  9    Dex: 10    Spells: 4/4 levels left

rFire    . . .     SeeInvis .   a - +0 war axe
rCold    . . .     Gourm    .   c - +0 shield
rNeg     . . .     Faith    .   p - +0 chain mail
rPois    .         Spirit   .   (no helmet)
rElec    .         Reflect  .   (no cloak)
rCorr    .         Harm     .   (no gloves)
MR       .....                  (no boots)
Stlth    ..........             (no amulet)
HPRegen  0.15/turn              (no ring)
MPRegen  0.09/turn              (no ring)

@: no status effects
A: no striking features
a: no special abilities


You were on level 4 of the Dungeon.
You were not hungry.

You visited 1 branch of the dungeon, and saw 4 of its levels.

You collected 281 gold pieces.

Inventory:

Hand Weapons
 a - a +0 war axe (weapon)
Missiles
 h - 64 stones (quivered)
Armour
 c - a +0 shield (worn)
 p - a +0 chain mail (worn)
Jewellery
 j - an uncursed ring of positive energy {unknown}
 l - an uncursed ring of protection from fire {unknown}
 u - an uncursed amulet of the gourmand {unknown}
 w - an uncursed ring of protection from fire {unknown}
 y - an uncursed ring of stealth {unknown}
Scrolls
 b - 2 scrolls of magic mapping
 g - a scroll of blinking {unknown}
 i - a scroll of enchant armour {unknown}
 k - 3 scrolls of teleportation {unknown}
 m - 2 scrolls of identify {unknown}
 n - a scroll of remove curse {unknown}
 o - 2 scrolls of fear {unknown}
 q - a scroll of immolation {unknown}
Potions
 d - a potion of might
 e - 2 potions of brilliance {unknown}
 r - a potion of curing {unknown}
 s - 2 potions of lignification {unknown}
 t - a potion of berserk rage {unknown}
 v - a potion of invisibility {unknown}
Comestibles
 f - 10 rations


   Skills:
 + Level 4.1 Fighting
 * Level 6.8 Axes
 + Level 3.8 Armour
 + Level 3.8 Shields


You had 4 spell levels left.
You didn't know any spells.
Your spell library contained the following spells:

 Spells                   Type           Power        Failure   Level  Hunger
 Magic Dart               Conj           #...         100%        1    ##.....
 Blink                    Tloc           N/A          100%        2    ###....
 Call Imp                 Summ           #.......     100%        2    ###....
 Slow                     Hex            #.......     100%        2    ###....
 Conjure Flame            Conj/Fire      #.......     100%        3    ####...
 Mephitic Cloud           Conj/Pois/Air  #.......     100%        3    ####...


Dungeon Overview and Level Annotations

Branches:
Dungeon (4/15)
 Temple: D:4-7

Altars:
Ashenzari
Fedhas
Gozag
Ru


Message History

Your shield and chain mail prevent you from hitting the gnoll sergeant.
The gnoll sergeant is moderately wounded.
Your chain mail prevents you from hitting the gnoll.
The gnoll hits you but does no damage. You block the gnoll's attack.
The gnoll sergeant hits you with a +0 trident!
* * * LOW HITPOINT WARNING * * *
You block the gnoll's attack. The gnoll hits you but does no damage.
You hit the gnoll sergeant but do no damage.
The gnoll sergeant is moderately wounded.
You slash the gnoll!
The gnoll sergeant hits you with a +0 trident!
* * * LOW HITPOINT WARNING * * *
You block the gnoll's attack. The gnoll hits you but does no damage.
You hit the gnoll sergeant.
The gnoll sergeant is heavily wounded.
You closely miss the gnoll.
The gnoll sergeant hits you with a +0 trident.
* * * LOW HITPOINT WARNING * * *
The gnoll hits you from afar with a +1 spear of freezing!
You die...

#..........# #
#..........# #
#..........#####
#...............
#..........#####
#<.........# #
###..........# #
#.g..........#****
#@##########......
#####g##ho...,,..#####
#≈≈≈≈g≈≈≈≈...,,..# *
#≈##≈g≈##≈...,,,.#****
*≈*##g##*≈,..,,,,,,,,,
*≈≈*...*≈≈o,,,,,,*****
*≈≈#...#≈≈,>,,,,,* **
*≈≈#.?.#≈≈******** *,
*≈*#####*≈* *,


You could see a gnoll sergeant and 4 gnolls.

Vanquished Creatures
  A bullfrog skeleton (D:4)
  An orc wizard (D:4)
  An iguana (D:4)
  A worker ant (D:4)
  3 gnolls (D:4)
  An adder (D:4)
  An ooze (D:4)
  2 worms
  3 leopard geckos
  7 orcs (D:4)
  7 bats
  4 giant cockroaches
  2 hobgoblins (D:2)
  5 jackals
  10 kobolds
  A quokka (D:4)
  6 frilled lizards
  5 goblins
  4 rats
65 creatures vanquished.

Vanquished Creatures (others)
  4 toadstools (D:3)
4 creatures vanquished.

Grand Total: 69 creatures vanquished

Notes
Turn   | Place    | Note
-------+----------+-------------------------------------------
     0 | D:1      | Elellon the Hill Orc Fighter began the quest for the Orb.
     0 | D:1      | Reached XP level 1. HP: 19/19 MP: 1/1
     6 | D:1      | Noticed a hog
     6 | D:1      | Noticed a lindwurm
     7 | D:1      | Noticed a swamp drake
    78 | D:1      | Reached skill level 3 in Axes
   202 | D:1      | Reached XP level 2. HP: 22/26 MP: 2/2
   369 | D:1      | Reached skill level 4 in Axes
  1059 | D:2      | Reached XP level 3. HP: 25/31 MP: 3/3
  1371 | D:2      | Reached skill level 5 in Axes
  1782 | D:3      | Found an opulent altar of Gozag.
  2264 | D:4      | Found a shattered altar of Ashenzari.
  2266 | D:4      | Found a blossoming altar of Fedhas.
  2266 | D:4      | Found a sacrificial altar of Ru.
  2293 | D:4      | Reached skill level 6 in Axes
  2293 | D:4      | Reached XP level 4. HP: 17/39 MP: 4/4
  2613 | D:4      | Reached XP level 5. HP: 10/46 MP: 5/5
  3320 | D:4      | Slain by a gnoll

Levels and vault maps discovered:
D:1:      onia_arrival_zoo_common, layout_loops_corners
D:2:      layout_basic
D:3:      layout_loops_ring, nicolae_gozag_seed_capital,
          minmay_gold_behind_fungi
D:4:      layout_rooms, grunt_temple_overflow_open, first_ration,
          lightli_minifort

Skill      XL: |  1  2  3  4  5 |
---------------+----------------+-----
Axes           | 3 4 6 |  6.8
Fighting       | 4 |  4.1
Armour         | |  3.8
Shields        | |  3.8

Action                   |  1- 3 |  4- 6 || total
-------------------------+-------+-------++-------
Melee: War axe           |   173 |    63 ||   236
  Use: Scroll            |     1 |       ||     1
  Eat: Chunk             |     4 |     4 ||     8
Armor: Scale mail        |    42 |       ||    42
       Chain mail        |    54 |    34 ||    88
Dodge: Dodged            |    52 |    18 ||    70
Block: Shield            |   102 |    34 ||   136
